 Dungeon Crawl Stone Soup version 0.29.1-1-gd02db6906a (webtiles) character file.

Game seed: 17851761150119389737

100 H0rd4k the Insei (level 4, 0/28 HPs)
             Began as an Octopode Transmuter on Oct 20, 2022.
             Succumbed to an adder's poison
             ... on level 2 of the Dungeon.
             The game lasted 00:01:18 (1880 turns).

H0rd4k the Insei (Octopode Transmuter)              Turns: 1880, Time: 00:01:19

Health: 0/28       AC:  2    Str:  9    XL:     4   Next: 73%
Magic:  2/7        EV: 20    Int: 17    God:
Gold:   96         SH:  0    Dex: 17    Spells: 3/7 levels left

rFire   . . .      SeeInvis .     - Unarmed
rCold   . . .      Faith    .   (shield currently unavailable)
rNeg    . . .      Spirit   .   (helmet currently unavailable)
rPois   x          Reflect  .   (no amulet)
rElec   .          Harm     .   (no ring)
rCorr   .          Rampage  .   (no ring)
Will    .....                   (no ring)
Stlth   ++........              (no ring)
HPRegen 0.09/turn               (no ring)
MPRegen 0.10/turn               (no ring)
                                (no ring)
                                (no ring)

@: lethally poisoned (0 -> -10), spider-form (expiring), very slightly
contaminated
A: venomous fangs, almost no armour, (amphibious), 8 rings, tiny, (camouflage
1), (gelatinous body 1), (nimble swimmer 1), (tentacles)
a: End Transformation


You were on level 2 of the Dungeon.
You were a venomous arachnid creature.
You visited 1 branch of the dungeon, and saw 2 of its levels.

You collected 96 gold pieces.

Inventory:

Scrolls
 c - 2 scrolls of teleportation {unknown}
 d - a scroll of enchant armour {unknown}
 f - a scroll of enchant weapon {unknown}
Potions
 a - 2 potions of lignification
 b - a potion of berserk rage {unknown}
 e - 2 potions of curing {unknown}
 g - a potion of attraction {unknown}
 h - a potion of might {unknown}


   Skills:
 + Level 1.3 Fighting
 + Level 2.7 Dodging
 + Level 4.1 Unarmed Combat
 * Level 2.3 Spellcasting
 * Level 2.5 Transmutations
 * Level 1.0 Poison Magic


You had 3 spell levels left.
You knew the following spells:

 Your Spells              Type           Power      Damage    Failure   Level
a - Beastly Appendage     Tmut           20%        N/A       19%         1
b - Spider Form           Tmut/Pois      8%         N/A       47%         3

Your spell library contained the following spells:

 Spells                   Type           Power      Damage    Failure   Level
 Wereblood                Tmut           10%        N/A       24%         2
 Ice Form                 Ice/Tmut       6%         N/A       88%         4


Dungeon Overview and Level Annotations

Branches:
Dungeon (2/15)

Altars:

Shops:
D:2 =


Innate Abilities, Weirdness & Mutations

You are a venomous arachnid creature.
You have poisonous fangs.
You are tiny and dextrous.
Your spellcasting is less reliable in this form.
Your armour is entirely melded.
You are incapable of wielding weapons or throwing items.
You cannot wear most types of armour.
((You are amphibious.))
You can wear up to eight rings at the same time.
((Your skin changes colour to match your surroundings (Stealth+).))
((Your rubbery body absorbs attacks. (AC +1, EV +1)))
((You are camouflaged when in or above water. (Stealth+)))
((You have tentacles for arms and can constrict up to eight enemies at once.))


Message History

You hit the adder.
The adder is poisoned.
The adder is heavily wounded.
The adder misses you.
You barely miss the adder.
The adder is severely wounded.
You feel sick. The adder completely misses you.
You barely miss the adder.
The adder is severely wounded.
You feel sick.
You are no longer poisoned.
The adder misses you.
You hit the adder.
You kill the adder!
You hit the adder.
The adder is poisoned.
The adder is lightly wounded.
The adder bites you.
A gnoll comes into view. It is wielding a +0 club.
You closely miss the adder.
The adder is lightly wounded.
The adder completely misses you.
The endoplasm jiggles.
The adder misses you.
You barely miss the adder.
The adder is moderately wounded.
The adder bites you.
* * * LOW HITPOINT WARNING * * *
You are lethally poisoned!
The adder poisons you!
You bite the adder!
You kill the adder!
Your transformation is almost over.
* * * LOW HITPOINT WARNING * * *
You feel very sick.
Your Poison Magic skill increases to level 1!
You hit the gnoll.
The gnoll is poisoned.
The gnoll is moderately wounded.
* * * LOW HITPOINT WARNING * * *
You feel very sick. The gnoll completely misses you.
You die...

#. #.#..#+###### ..
.##.#..# # ## ..# #
..#.#..#.#..
....#.#.#.#..#.#.#
...#.#.#.#......#
.....#....#.###
#.#..##..#...#
#..........#.###
##.s####........
##.# #.#......
#######g###########.
......gJg......
#...#..?.####.. #.
#....# #....# ##....
#...#.


You could see 3 gnolls and an endoplasm.

Vanquished Creatures
  Natasha (D:2)
  3 adders (D:2)
  2 dart slugs (D:1)
  2 ball pythons
  5 bats (D:1)
  2 endoplasms (D:1)
  2 giant cockroaches (D:1)
  5 goblins
  2 hobgoblins (D:1)
  9 jackals
  2 kobolds (D:1)
  A frilled lizard (D:1)
  3 rats
39 creatures vanquished.

Notes
Turn   | Place    | Note
-------+----------+-------------------------------------------
     0 | D:1      | H0rd4k the Octopode Transmuter began the quest for the Orb.
     0 | D:1      | Reached XP level 1. HP: 13/13 MP: 3/3
   126 | D:1      | Reached XP level 2. HP: 9/18 MP: 5/5
   320 | D:1      | Found a faded altar of an unknown god.
   665 | D:1      | Reached XP level 3. HP: 21/23 MP: 6/6
   850 | D:1      | Learned a level 3 spell: Spider Form
  1447 | D:2      | Noticed Natasha
  1463 | D:2      | Killed Natasha
  1464 | D:2      | Reached skill level 4 in Unarmed Combat
  1464 | D:2      | Reached XP level 4. HP: 3/28 MP: 7/7
  1796 | D:2      | Found Piuh's Jewellery Boutique.
  1879 | D:2      | Reached skill level 1 in Poison Magic
  1879 | D:2      | HP: 1/28 [poisoned by an adder]
  1880 | D:2      | Succumbed to an adder's poison

Illustrated notes

Levels and vault maps discovered:
D:1:      tarquinn_simple_flora_water_c, layout_basic,
          hellmonk_ecumenical_altar_pennies_from_heaven
D:2:      minmay_recursive_quarters, layout_basic, serial_shops,
          nicolae_shop_crystal, uniq_crazy_yiuf_cottage, uniq_natasha

Skill      XL: |  1  2  3  4 |
---------------+-------------+-----
Unarmed Combat | 4 |  4.1
Poison Magic   | 1 |  1.0
Fighting       | |  1.3
Dodging        | |  2.7
Spellcasting   | |  2.3
Transmutations | |  2.5

Action                   |  1- 3 |  4- 6 || total
-------------------------+-------+-------++-------
Melee: Unarmed           |    96 |    14 ||   110
       Tentacles         |    20 |       ||    20
       Constrict         |    22 |     2 ||    24
       Punch             |     1 |     1 ||     2
       Kick              |     1 |       ||     1
 Cast: Beastly Appendage |     1 |       ||     1
       Spider Form       |       |     1 ||     1
 Stab: Sleeping          |     3 |       ||     3
Armor: Skin              |     4 |       ||     4
Dodge: Dodged            |    69 |    13 ||    82
